 Dungeon Sprint DCSS version 0.30-a0-779-g7971cf19c3 (webtiles) character file.

Game seed: 7322200449355168336

643 retardedninja the Cleaver (level 7, -3/111 HPs)
             Began as a Minotaur Berserker on Feb 17, 2023.
             Was an Elder of Trog.
             Slain by a troll (10 damage)
             ... in the Dungeon (Sprint IX: "|||||||||||||||||||||||||||||").
             The game lasted 00:01:08 (538 turns).

retardedninja the Cleaver (Minotaur Berserker)       Turns: 538, Time: 00:01:09

Health: -3/111     AC: 17    Str: 26    XL:     7   Next: 26%
Magic:  6/6        EV:  9    Int:  4    God:    Trog [****..]
Gold:   0          SH:  0    Dex: 10    Spells: 6/6 levels left

rFire   . . .      SeeInvis .    i - +3 war axe (freeze)
rCold   . . .      Faith    .    (no shield)
rNeg    . . .      Spirit   .    k - +0 plate armour {ponderous}
rPois   .          Reflect  .    (helmet restricted)
rElec   .          Harm     .    a - +0 cloak
rCorr   .          Rampage  .    j - +0 pair of gloves
Will    .....      NoTele   +    (no boots) Stlth
                                 (no amulet)
HPRegen 0.38/turn                l - +3 ring of strength
MPRegen 0.10/turn                m - +2 ring of protection

@: berserking, invisible, very quick
A: horns 2, retaliatory headbutt
a: Renounce Religion, Berserk, Trog's Hand, Brothers in Arms


You were in the Dungeon.
You worshipped Trog.
Trog was greatly pleased with you.
You visited 1 branch

Inventory:

Hand Weapons
 i - a +3 war axe of freezing (weapon)
Armour
 a - a +0 cloak (worn)
 j - a +0 pair of gloves (worn)
 k - a +0 plate armour of ponderousness (worn)
Jewellery
 l - a +3 ring of strength (left hand)
 m - a +2 ring of protection (right hand)
Wands
 g - a wand of acid (8)
Scrolls
 h - 2 scrolls of blinking
Potions
 d - 2 potions of heal wounds
 e - 4 potions of curing
 f - 4 potions of magic


   Skills:
 + Level 11.5 Fighting
 + Level 12.9 Axes
 + Level 5.5 Armour
 + Level 7.0 Dodging
 + Level 0.5 Stealth
 + Level 0.6 Evocations


You had 6 spell levels left.
You didn't know any spells.
Your spell library was empty.

Dungeon Overview and Level Annotations

Branches:
Dungeon (1/1)

Altars:
Cheibriados
Dithmenos
Elyvilon
Fedhas
Gozag
Hepliaklqana
Kikubaaqudgha
Makhleb
Nemelex Xobeh
Okawaru
Qazlal
Ru
Sif Muna
Trog
Uskayaw
Vehumet
Wu Jian
Xom
Yredelemnul
Zin
The Shining One
Jiyva
Lugonu


Innate Abilities, Weirdness & Mutations

You have a pair of horns on your head.
You reflexively headbutt those who attack you in melee.


Message History

Aiming: Corrosive Bolt
Press: ? - help, Q - select action, (/) - cycle Shift-Dir - straight line, f/p - gnoll bouda
Aim: a gnoll bouda, wielding a +0 whip and wearing a +0 robe (moderately wounded, unable to see you, covered in acid, 75% to hit)
The bolt of acid hits the two-headed ogre.
The two-headed ogre is heavily wounded.
The bolt of acid hits the centaur!
The centaur is moderately wounded.
The bolt of acid misses the gnoll bouda.
The two-headed ogre hits you with a +0 giant spiked club!!
* * * LOW HITPOINT WARNING * * *
The two-headed ogre hits you with a +0 giant spiked club!
* * * LOW HITPOINT WARNING * * *
The centaur shoots an arrow.
The arrow hits the two-headed ogre!
A red film seems to cover your vision as you go berserk!
You feel yourself moving faster!
You feel mighty!
The centaur shoots an arrow.
The arrow hits the two-headed ogre.
You slash the two-headed ogre! You freeze the two-headed ogre.
You headbutt the two-headed ogre.
You kill the two-headed ogre!
Trog accepts your kill.
You can now call in reinforcements.
Your Fighting skill gained 3 levels and is now at level 11!
Your Axes skill gained 3 levels and is now at level 12!
Your Armour skill increases to level 5!
Your Dodging skill increases to level 6!
You have reached level 6!
You have reached level 7!
Unknown command.
You slice the centaur!! You freeze the centaur.
You feel the power of Trog in you as your rage grows.
You kill the centaur!
Trog accepts your kill. The gnoll bouda barely misses you.
Items here: ))) [ †.
You slice the gnoll bouda!! You freeze the gnoll bouda.
You kill the gnoll bouda!
Trog accepts your kill.
Your Dodging skill increases to level 7!
The troll barely misses you. You furiously retaliate!
You headbutt the troll! The troll barely misses you. The troll claws you!
You die...

▓.▓
▓)▓
▓)▓
▓.▓
▓.▓
▓.▓
▓.▓
▓)▓
▓@▓
▓T▓
▓o▓
▓Y▓
▓.▓
▓.▓
▓.▓
▓.▓


You could see a yak (unable to see you), a troll (unable to see you) and an orc
warrior (unable to see you).

Vanquished Creatures
  A two-headed ogre (D)
  An ogre (D)
  A centaur (D)
  A jelly (D)
  A hound (D)
  A gnoll bouda (D)
  An iguana (D)
  An ufetubus (D)
  An endoplasm (D)
  A goblin (D)
  A hobgoblin (D)
  A bat (D)
  A kobold (D)
13 creatures vanquished.

Notes
Turn   | Place    | Note
-------+----------+-------------------------------------------
     0 | D        | retardedninja the Minotaur Berserker began the quest for
                  | the Orb.
     0 | D        | Reached XP level 1. HP: 19/19 MP: 0/0
     9 | D        | Reached skill level 4 in Axes
    17 | D        | Reached ** piety under Trog
   234 | D        | Noticed an iguana
   234 | D        | Noticed an ogre
   234 | D        | Noticed a jelly
   234 | D        | Noticed a hound
   242 | D        | Killed an iguana
   243 | D        | Reached skill level 5 in Fighting
   243 | D        | Reached skill level 6 in Axes
   243 | D        | Reached XP level 2. HP: 29/30 MP: 1/1
   243 | D        | Reached XP level 3. HP: 36/37 MP: 2/2
   246 | D        | Killed an ogre
   246 | D        | Reached *** piety under Trog
   247 | D        | Reached skill level 8 in Axes
   247 | D        | Reached XP level 4. HP: 47/47 MP: 3/3
   250 | D        | Reached XP level 5. HP: 49/53 MP: 4/4
   252 | D        | Reached skill level 9 in Axes
   254 | D        | Reached skill level 5 in Dodging
   452 | D        | Found a snail-covered altar of Cheibriados.
   452 | D        | Found a shadowy altar of Dithmenos.
   452 | D        | Found a white marble altar of Elyvilon.
   452 | D        | Found a blossoming altar of Fedhas.
   452 | D        | Found an opulent altar of Gozag.
   453 | D        | Found a hazy altar of Hepliaklqana.
   454 | D        | Found a viscous altar of Jiyva.
   455 | D        | Found an ancient bone altar of Kikubaaqudgha.
   456 | D        | Found a corrupted altar of Lugonu.
   457 | D        | Found a burning altar of Makhleb.
   458 | D        | Found a sparkling altar of Nemelex Xobeh.
   459 | D        | Found an iron altar of Okawaru.
   460 | D        | Found a stormy altar of Qazlal.
   461 | D        | Found a sacrificial altar of Ru.
   462 | D        | Found a shimmering blue altar of Sif Muna.
   463 | D        | Found a bloodstained altar of Trog.
   464 | D        | Found a hide-covered altar of Uskayaw.
   465 | D        | Found a radiant altar of Vehumet.
   466 | D        | Found an ornate altar of the Wu Jian Council.
   467 | D        | Found a shimmering altar of Xom.
   468 | D        | Found a basalt altar of Yredelemnul.
   469 | D        | Found a glowing silver altar of Zin.
   470 | D        | Found a glowing golden altar of the Shining One.
   527 | D        | Noticed a two-headed ogre
   527 | D        | Noticed a centaur
   527 | D        | Noticed a troll
   527 | D        | Noticed an orc warrior
   527 | D        | Noticed a yak
   532 | D        | HP: 2/56 [two-headed ogre/+0 giant spiked club (8)]
   534 | D        | Killed a two-headed ogre
   534 | D        | Reached **** piety under Trog
   535 | D        | Reached skill level 12 in Axes
   535 | D        | Reached skill level 5 in Armour
   535 | D        | Reached XP level 6. HP: 5/68 MP: 5/5
   535 | D        | Reached XP level 7. HP: 6/74 MP: 6/6
   538 | D        | Slain by a troll

Illustrated notes

Levels and vault maps discovered:
D:        linesprint [early_d, line_temple, items_1, d_10, items_2, lair_1,
          lair_end, items_3, orc_1, orc_end, items_4, d_15, swamp_1, shoals_1,
          snake_1, spider_1, d_20, vaults_1, items_5, swamp_end, shoals_end,
          snake_end, spider_end, vaults_end, d_27, items_6, zot_1, zot_end,
          crypt_end, forest_end, elf_end, slime_end, tomb_end, abyss_end,
          pan_hell_end]

Skill      XL: |  1  2  3  4  5  6  7 |
---------------+----------------------+-----
Fighting       | 5 7 11 | 11.5
Axes           | 6 8 12 | 12.9
Armour         | 3 4 5 |  5.5
Dodging        | 3 4 6 7 |  7.0
Stealth        | |  0.5
Evocations     | |  0.6

Action                     |  1- 3 |  4- 6 |  7- 9 || total
---------------------------+-------+-------+-------++-------
  Melee: Hand axe          |    22 |     7 |       ||    29
         Headbutt          |     1 |     1 |       ||     2
         War axe           |       |     1 |     2 ||     3
 Invoke: Berserk           |       |     1 |       ||     1
  Evoke: Wand              |       |     2 |       ||     2
    Use: Potion            |     4 |     1 |       ||     5
 Armour: Animal skin       |     4 |       |       ||     4
  Dodge: Dodged            |     8 |     6 |     3 ||    17

Table legend: (Time is in decaauts)
 A = Elapsed time spent in this place.
 B = Non-inter-level travel time spent in this place.
 C = Inter-level travel time spent in this place.
 D = Time resting spent in this place.
 E = Time spent auto-exploring this place.
 F = Levels seen in this place.
 G = Mean time per level.
                   A        B        C        D        E       F      G
               +--------+--------+--------+--------+--------+-----+--------+
         Total |    529 |    529 |      0 |    403 |      0 |   1 |  529.0 |
       Dungeon |    529 |    529 |      0 |    403 |      0 |   1 |  529.0 |
               +--------+--------+--------+--------+--------+-----+--------+

Top non-repeatable levels by time:
       D: 529 daAuts
